 Dungeon Crawl Stone Soup version 0.23.2 (webtiles) character file.

Game seed: 5463754046076100447

660 dvd the Sneak (level 7, -3/59 HPs)
             Began as a Minotaur Assassin on Apr 3, 2019.
             Slain by a wandering mushroom (4 damage)
             ... created by the enmity of Fedhas Madash
             ... on level 4 of the Dungeon.
             The game lasted 00:08:22 (3012 turns).

dvd the Sneak (Minotaur Assassin)                   Turns: 3012, Time: 00:08:24

Health: -3/59      AC: 10    Str: 17    XL:     7   Next: 30%
Magic:  6/6        EV: 11    Int:  8    God:
Gold:   231        SH:  0    Dex: 12    Spells: 6/6 levels left

rFire    + . .     SeeInvis .   v - +0 war axe
rCold    + . .     Gourm    .   (no shield)
rNeg     . . .     Faith    .   u - +2 ring mail {rC+}
rPois    +         Spirit   .   (helmet restricted)
rElec    .         Reflect  .   d - +0 cloak
rCorr    .         Harm     .   (no gloves)
MR       .....                  n - +0 pair of boots
Stlth    ++........             (no amulet)
HPRegen  0.19/turn              z - ring of poison resistance
MPRegen  0.10/turn              B - ring of protection from fire

@: no status effects
A: retaliatory headbutt, horns 2
a: no special abilities


You were on level 4 of the Dungeon.
You were not hungry.

You visited 1 branch of the dungeon, and saw 4 of its levels.

You collected 231 gold pieces.

Inventory:

Hand Weapons
 a - a +2 dagger
 b - a +0 blowgun
 l - a +0 spear
 v - a +0 war axe (weapon)
 y - a +0 mace
Missiles
 e - 34 poisoned needles
 f - 2 curare-tipped needles
 m - 3 javelins (quivered)
Armour
 d - a +0 cloak (worn)
 n - a +0 pair of boots (worn)
 u - a +2 ring mail of cold resistance (worn)
 D - the +3 chain mail "Wioring" {rF+ Dex+4 Slay-4}
   (You found it on level 4 of the Dungeon)

   It affects your dexterity (+4).
   It affects your accuracy and damage with ranged weapons and melee attacks
   (-4).
   It protects you from fire.
Jewellery
 z - a ring of poison resistance (left hand)
 B - a ring of protection from fire (right hand)
Wands
 x - a wand of acid (13)
Scrolls
 c - a scroll of teleportation
 k - 2 scrolls of identify
 p - a scroll of magic mapping
 A - a scroll of random uselessness {unknown}
 C - a scroll of fog {unknown}
 E - a scroll of noise {unknown}
 F - a scroll of blinking {unknown}
Potions
 h - 4 potions of curing {unknown}
 i - a potion of haste
 o - 2 potions of agility {unknown}
 q - a potion of degeneration {unknown}
 r - a potion of ambrosia {unknown}
 t - a potion of brilliance {unknown}
Comestibles
 g - 13 rations
 j - 7 chunks of flesh


   Skills:
 + Level 4.1 Fighting
 + Level 2.4 Short Blades
 + Level 2.4(3.4) Axes
 + Level 3.5(4.0) Polearms
 + Level 3.7 Throwing
 + Level 3.3 Armour
 + Level 2.7 Dodging
 + Level 4.5 Stealth


You had 6 spell levels left.
You didn't know any spells.
Your spell library was empty.

Dungeon Overview and Level Annotations

Branches:
Dungeon (4/15)
 Temple: D:4-7

Altars:
Fedhas

Annotations:
D:4 exclusion: oklob plant


Innate Abilities, Weirdness & Mutations

You reflexively headbutt those who attack you in melee.
You have a pair of horns on your head.


Message History

a +0 dagger; a +0 robe; a +0 whip; an orc skeleton
Things that are here:
a +0 dagger; a +0 robe; an orc corpse
Items here: )) [ รท a +0 dagger; a +0 robe; a +0 whip; an orc skeleton
Things that are here:
a +0 hand axe; an orc skeleton
m - 2 javelins (gained 1)
m - 3 javelins (gained 1)
You start resting.
Plants grow around you in an ominous manner.
Marking area around the oklob plant as unsafe for travelling.
An oklob plant comes into view.
The oklob plant spits acid at you. The splash of acid hits you.
* * * LOW HITPOINT WARNING * * *
You are splashed with acid!
* * * LOW HITPOINT WARNING * * *
The wandering mushroom releases spores at you.
You die...

*,*,,,,,,*,,,,,,,,*
*,#..,,,,,,,,*,,>**
*,...,*********,**
**#.#** *,* #.# *<*
#.# ##+## ####.#####
##...## #..f.....#
##.....## *,*#@#.#.#
##.......#
*,*#...P.###.........
*,*#.......+...<.....
*,*##....###.........
*,* ##f#.# ##.......#
#<####.#.# ##.....##
#.....)..# ##..>##
######)### ##+## #)#
######.####


You could see an oklob plant and 2 wandering mushrooms.

Vanquished Creatures
  2 ice beasts (D:4)
  A phantom (D:4)
  A bullfrog (D:4)
  A howler monkey (D:4)
  2 orc wizards (D:4)
  An iguana (D:4)
  A worker ant (D:4)
  8 adders
  A shadow imp (D:4)
  2 oozes
  2 worms (D:2)
  A dart slug (D:3)
  2 leopard geckos
  4 orcs
  4 giant cockroaches
  12 goblins
  3 hobgoblins (D:1)
  3 jackals
  6 kobolds
  3 quokkas
  2 ball pythons (D:1)
  8 bats
  4 frilled lizards
  A jackal skeleton (D:4)
  11 rats
86 creatures vanquished.

Notes
Turn   | Place    | Note
-------+----------+-------------------------------------------
     0 | D:1      | dvd the Minotaur Assassin began the quest for the Orb.
     0 | D:1      | Reached XP level 1. HP: 18/18 MP: 0/0
    38 | D:1      | Reached XP level 2. HP: 15/25 MP: 1/1
   515 | D:1      | Reached XP level 3. HP: 30/30 MP: 2/2
   884 | D:2      | Reached skill level 1 in Polearms
  1140 | D:2      | Reached XP level 4. HP: 19/37 MP: 3/3
  1788 | D:3      | Reached skill level 1 in Armour
  2008 | D:3      | Found a faded altar of an unknown god.
  2037 | D:3      | Became a worshipper of Fedhas Madash
  2037 | D:3      | Reached * piety under Fedhas
  2038 | D:3      | Fell from the grace of Fedhas
  2117 | D:3      | Reached XP level 5. HP: 37/45 MP: 4/4
  2728 | D:4      | Noticed a phantom
  2740 | D:4      | Killed a phantom
  2754 | D:4      | Reached XP level 6. HP: 46/51 MP: 5/5
  2813 | D:4      | Got a steaming chain mail
  2824 | D:4      | Identified the +3 chain mail "Wioring" {rF+ Dex+4 Slay-4}
                  | (You found it on level 4 of the Dungeon)
  2873 | D:4      | Noticed an ice beast
  2884 | D:4      | Killed an ice beast
  2884 | D:4      | Reached skill level 1 in Axes
  2942 | D:4      | Noticed an ice beast
  2963 | D:4      | Killed an ice beast
  2963 | D:4      | Reached XP level 7. HP: 29/59 MP: 6/6
  3011 | D:4      | Noticed a wandering mushroom
  3011 | D:4      | Noticed an oklob plant
  3011 | D:4      | Noticed a wandering mushroom
  3012 | D:4      | HP: 1/59 [acid[the enmity of Fedhas Madash] (14)]
  3012 | D:4      | Slain by a wandering mushroom

Skill      XL: |  1  2  3  4  5  6 |
---------------+-------------------+-----
Stealth        | 4 |  4.5
Polearms       | 1 2 3 |  3.5
Fighting       | 3 4 |  4.1
Armour         | 1 2 3 |  3.3
Dodging        | 2 |  2.7
Throwing       | 3 |  3.7
Axes           | 2 |  2.4
Short Blades   | |  2.4

Action                   |  1- 3 |  4- 6 |  7- 9 || total
-------------------------+-------+-------+-------++-------
Melee: Dagger            |    20 |       |       ||    20
       Headbutt          |    19 |    10 |     4 ||    33
       Spear             |    87 |    67 |       ||   154
       War axe           |       |    35 |    11 ||    46
 Fire: Blowgun           |     1 |       |       ||     1
Throw: Javelin           |    20 |    32 |       ||    52
Invok: Renounce Religion |       |     1 |       ||     1
Evoke: Wand              |       |       |     2 ||     2
  Use: Scroll            |       |     5 |       ||     5
 Stab: Sleeping          |     3 |     2 |       ||     5
  Eat: Chunk             |     1 |     6 |       ||     7
Armor: Robe              |     6 |       |       ||     6
       Chain mail        |    34 |       |       ||    34
       Ring mail         |     4 |    40 |     4 ||    48
Dodge: Dodged            |    36 |    53 |     9 ||    98
